Map: The Vermillion Problem

Players

Yuriprime

  • Race: Zerg Zerg

LilArrin

  • Race: Terran Terran
  • Spawn Location: 11:00

VOD

Have the link to the VOD?

Description

Time

  • Played on: May 1, 2018, 3:48 a.m.
  • Length: 22:40
Show
View Real Time Build Order
Export as new Build Order

Yuriprime Zerg 

Build Orders:  

Get SALT Encoding   

  18  0:05  Primal Drone  
  19  0:11  Primal Drone  
  19  0:19  Primal Drone  
  21  0:25  Primal Drone  
  22  0:34  Extractor  
  22  0:40  Primal Drone  
  23  0:51  Primal Drone  
  25  1:12  Primal Warden  
  25  1:21  Primal Drone x2  
  25  1:27  Extractor  
  27  1:40  Primal Drone  
  28  1:53  Primal Drone  
  29  2:09  Primal Drone  
  30  2:22  Glevig's Den  
  30  2:26  Primal Drone  
  30  2:41  Primal Drone  
  36  3:00  Primal Hive  
  36  3:02  Primal Drone  
  37  3:14  Primal Warden  
  37  3:21  Primal Drone  
  37  3:29  Primal Drone  
  39  3:45  Primal Drone  
  40  3:56  Murvar's Den  
  39  4:02  Primal Drone  
  40  4:23  Primal Zergling x5  
  45  4:31  Primal Drone  
  45  4:39  Primal Drone  
  47  4:49  Primal Drone x4  
  51  5:15  Primal Warden  
  51  5:16  Primal Warden  
  53  5:22  Primal Hive  
  53  5:24  Primal Drone x2  
  53  5:25  Primal Drone x2  
  57  5:38  Primal Drone x2  
  59  5:48  Primal Drone  
  59  5:49  Extractor  
  60  6:06  Primal Drone x2  
  62  6:16  Dakrun's Den  
  61  6:41  Primal Drone x5  
  61  6:42  Extractor  
  67  6:53  Primal Warden  
  67  7:13  Aerial Burst Sacs  
  67  7:37  Primal Drone x2  
  67  7:38  Primal Drone x5  
  74  8:02  Primal Swarm Host  
  74  8:03  Primal Swarm Host x8  
  74  8:04  Primal Swarm Host x2  
  107  8:21  Primal Swarm Host x3  
  107  8:22  Primal Swarm Host  
  119  8:47  Primal Swarm Host x3  
  128  9:02  Primal Swarm Host  
  128  9:03  Primal Zergling x2  
  128  9:04  Primal Zergling x5  
  128  9:05  Primal Zergling  
  128  9:06  Primal Drone  
  128  9:07  Primal Drone x2  
  142  9:31  Primal Swarm Host  
  142  9:32  Primal Swarm Host x2  
  138  10:50  Primal Swarm Host  
  138  10:51  Primal Swarm Host x7  
  138  10:52  Primal Swarm Host, Primal Zergling  
  138  10:53  Primal Zergling x10  
  173  11:21  Primal Swarm Host x3  
  180  11:38  Primal Swarm Host  
  183  11:40  Primal Swarm Host  
  186  11:53  Primal Swarm Host  
  186  11:54  Primal Zergling  
  186  11:55  Primal Zergling x7  
  192  14:05  Primal Drone x2  
  192  14:06  Primal Drone x5  
  192  14:07  Primal Drone  
  193  15:37  Primal Drone x3  
  193  15:38  Primal Drone x4  
  200  15:55  Primal Roach  
  200  15:56  Primal Roach x4  
  200  16:06  Primal Swarm Host  
  98  16:10  Primal Attacks Level 1, Primal Carapace Level 1  
  193  16:46  Primal Swarm Host  
  193  16:47  Primal Swarm Host  
  198  18:03  Primal Swarm Host x5  
  198  18:04  Primal Swarm Host x6  
  199  18:48  Primal Drone  
  200  19:07  Primal Swarm Host  
  200  19:08  Primal Swarm Host  
Show
View Real Time Build Order
Export as new Build Order

LilArrin Terran 

Build Orders:  

Get SALT Encoding   

  12  0:03  SCV  
  13  0:20  SCV  
  14  0:32  Supply Depot  
  14  0:37  SCV  
  15  0:54  SCV  
  16  1:11  SCV  
  17  1:32  Command Center, SCV  
  18  1:49  SCV  
  19  1:50  Barracks  
  19  2:06  SCV  
  20  2:24  Orbital Command  
  20  2:48  Command Center  
  20  3:05  SCV  
  21  3:13  Refinery  
  21  3:14  Orbital Command  
  21  3:22  SCV  
  21  3:28  Refinery  
  22  3:35  Barracks  
  22  3:39  SCV  
  24  3:50  SCV  
  23  3:56  Engineering Bay  
  24  4:04  Barracks Tech Lab  
  24  4:05  SCV  
  24  4:08  Combat Shields  
  25  4:26  Barracks  
  25  4:28  Barracks Reactor  
  25  4:29  Orbital Command  
  25  4:33  Terran Infantry Weapons Level 1  
  25  4:34  Marine  
  25  4:36  Orbital Command  
  26  4:56  SCV  
  27  5:01  Barracks Reactor, Marine  
  27  5:06  SCV  
  29  5:11  Marine  
  29  5:13  SCV x2  
  32  5:23  Medic, Marine, SCV  
  32  5:24  Marine  
  37  5:30  SCV  
  37  5:31  SCV  
  37  5:33  Medic  
  37  5:34  Marine x2  
  43  5:40  SCV  
  43  5:43  Marine  
  43  5:44  Marine x2  
  47  5:53  Marine  
  47  5:54  Marine  
  49  6:01  Marine x3  
  52  6:11  Marine  
  52  6:18  Marine  
  53  6:21  Marine  
  53  6:24  Medic, Marine, Supply Depot  
  53  6:26  Supply Depot  
  53  6:27  SCV x2  
  53  6:28  Supply Depot, SCV  
  58  6:39  Barracks  
  57  6:44  SCV  
  57  6:45  SCV  
  57  6:46  Marine  
  57  6:48  Marine  
  57  6:49  Marine  
  60  6:53  Marine  
  60  6:54  Stabilizer Medpacks  
  60  6:56  Marine  
  63  7:01  Marine, SCV  
  63  7:02  Marine  
  63  7:03  Marine  
  63  7:09  Marine, SCV  
  66  7:10  Marine  
  66  7:13  Terran Infantry Armor Level 1  
  66  7:17  Marine x2  
  70  7:25  Marine  
  70  7:26  Marine, SCV  
  70  7:29  Barracks Tech Lab  
  72  7:30  Marine x2  
  74  7:41  Marine x2  
  74  7:43  Marine x2, SCV  
  74  7:45  Marine  
  60  7:51  Marine  
  60  7:52  Marine x2  
  60  7:53  Marine x2  
  60  7:54  Concussive Shells  
  60  7:55  Medic  
  49  8:00  SCV  
  59  8:02  Marine x3  
  59  8:03  Marine x2  
  59  8:05  Medic  
  61  8:12  Medic, Marine x2  
  61  8:13  Marine  
  61  8:14  Marine  
  61  8:15  Medic  
  69  8:22  Marine  
  69  8:23  Medic  
  69  8:26  Marine  
  69  8:27  Medic, Marine x2  
  74  8:38  Supply Depot  
  74  8:39  Marine x2  
  77  8:40  Supply Depot  
  77  8:47  Marine x2  
  77  8:48  Medic  
  79  8:50  Marine x2  
  79  8:56  Marine  
  79  8:57  Marine  
  79  8:58  Medic, Supply Depot  
  86  9:07  Marine x2  
  86  9:08  Marauder  
  86  9:09  Marauder  
  89  9:12  Marine  
  89  9:16  Marine  
  89  9:19  Marine x2  
  94  9:21  Medic, Marine  
  94  9:22  Marine  
  94  9:27  Marine  
  99  9:31  Marauder  
  101  9:47  Supply Depot  
  101  9:48  Medic, Marine x5  
  101  9:50  Supply Depot  
  101  9:58  Medic, Marine x5  
  107  10:08  Medic  
  111  10:10  Medic, Marine x2  
  106  10:28  Medic, Marine x5  
  106  10:40  Medic, Marine x5  
  113  10:50  Marine x4  
  117  11:11  Marine x2  
  117  11:14  Marine x2  
  117  11:17  Medic  
  117  11:20  Marine  
  117  11:21  Marine  
  117  11:34  Marine  
  117  11:35  Marine  
  117  11:36  Marine  
  117  11:38  Marine  
  117  11:39  Marine  
  117  11:43  Marine  
  117  11:44  Marine  
  117  11:45  Marine  
  117  11:46  Marine  
  117  11:48  Marine  
  72  11:50  Marine  
  115  11:53  Marine  
  115  11:54  Marine  
  117  12:01  Marine  
  117  12:03  Marine  
  117  12:04  Marine  
  117  12:05  Marine  
  117  12:06  Marine  
  117  12:07  Marine, Supply Depot  
  117  12:09  Supply Depot  
  117  12:11  Marine, Supply Depot  
  117  12:13  Marine  
  117  12:14  Marine  
  117  12:15  Medic  
  117  12:16  Marine  
  117  12:17  Marine  
  117  12:21  Marine  
  117  12:23  Marine  
  117  12:24  Marine  
  117  12:25  Medic  
  117  12:26  Marine  
  117  12:27  Marine  
  124  12:31  Marine  
  124  12:33  Marine  
  124  12:34  Marine  
  124  12:35  Marine  
  124  12:36  Marine  
  124  12:37  Marine  
  130  12:42  Marine  
  130  12:43  Marine  
  130  12:45  Medic  
  130  12:46  Marine  
  130  12:47  Marine  
  130  12:48  Marine  
  137  12:52  Marine  
  137  12:54  Marine  
  137  12:57  Marine  
  141  13:38  Factory  
  141  13:39  Command Center  
  141  13:40  Command Center  
  141  13:45  Engineering Bay  
  141  13:48  Medic, Marauder, Marine x4  
  141  13:58  Marine x5  
  113  14:01  Marine  
  113  14:02  Barracks  
  113  14:04  Barracks  
  113  14:08  Medic, Marine x3  
  119  14:11  Medic, Marine  
  119  14:18  Marine x2  
  127  14:21  Marauder  
  127  14:29  Medic  
  127  14:33  Marine  
  127  14:34  Marine  
  127  14:38  Barracks Reactor, Barracks Tech Lab  
  122  14:43  Factory Tech Lab  
  122  14:47  Armory  
  120  15:04  Marine x2  
  119  15:21  Orbital Command x2  
  119  15:25  Replenishable Magazine, Vulture  
  119  15:27  Marine x2  
  119  15:28  Marine x2  
  119  15:29  Medic, Marine x3  
  94  15:30  Marine  
  121  15:35  Vulture  
  121  15:37  Marine  
  121  15:38  Marine  
  133  15:40  Medic, Marauder x2  
  133  15:45  Vulture  
  133  15:48  SCV  
  144  15:54  Terran Infantry Weapons Level 2  
  144  15:55  Vulture, Terran Infantry Armor Level 2  
  144  15:56  Terran Vehicle and Ship Weapons Level 1  
  146  16:05  SCV  
  146  16:06  Vulture  
  149  16:10  Marine  
  149  16:14  Marine x4  
  149  16:15  Marine x2  
  149  16:16  Medic x2, Vulture  
  162  16:22  SCV  
  162  16:25  Cerberus Mines  
  162  16:26  Vulture  
  165  16:31  Marine  
  165  16:36  Vulture  
  165  16:39  SCV  
  169  16:50  Supply Depot  
  169  16:52  Supply Depot  
  169  16:55  Supply Depot  
  169  16:56  SCV  
  169  16:57  Vulture  
  169  16:58  Supply Depot  
  170  17:08  Vulture  
  172  17:18  Vulture  
  174  17:25  Medic x2  
  174  17:26  Medic  
  174  17:28  Vulture  
  182  17:35  Medic  
  182  17:38  Vulture  
  186  17:48  Vulture  
  188  18:13  SCV  
  189  18:29  SCV  
  189  18:36  Afterburners  
  190  18:46  SCV  
  191  19:03  SCV  
  192  19:20  SCV  
  193  19:34  Missile Turret  
  193  19:37  SCV  
  193  19:39  Missile Turret  
  194  19:46  Missile Turret  
  194  19:51  Missile Turret  
  194  19:54  SCV  
  195  20:05  Missile Turret  
  195  20:10  Missile Turret  
  195  20:11  SCV  
  195  20:15  Missile Turret  
  196  20:28  Missile Turret  
  196  20:38  Missile Turret  
  196  20:41  Missile Turret  
  196  20:45  Missile Turret  
  196  20:58  Missile Turret  
  196  21:10  Missile Turret  
  196  21:17  Missile Turret  
Tags
 
Add a new tag
Caveats
  • Supply blocks, unpowered buildings, or Contaminate may cause inaccurate times.
  • Supply counts are checked every 10 seconds.